 Dungeon Crawl Stone Soup version 0.20.1-1-g8b1a95d (webtiles) character file.

13363 homeworkjunkie the Cleaver (level 12, -5/105 HPs)
             Began as a Hill Orc Fighter on Dec 18, 2017.
             Was a High Priest of Okawaru.
             Slain by a soul eater (10 damage)
             ... summoned by an orc high priest
             ... on level 2 of the Orcish Mines.
             The game lasted 00:23:56 (13585 turns).

homeworkjunkie the Cleaver (Hill Orc Fighter)      Turns: 13585, Time: 00:23:56

Health: -5/105     AC: 21    Str: 23    XL:     12   Next: 5%
Magic:  0/16       EV:  6    Int: 12    God:    Okawaru [*****.]
Gold:   526        SH: 12    Dex: 16    Spells: 11/11 levels left

rFire    + . .     SeeInvis .   u - +3 war axe
rCold    . . .     Gourm    .   c - +0 shield
rNeg     . . .     Faith    .   d - +1 plate armour {rF+}
rPois    .         Spirit   +   f - +1 hat
rElec    .         Reflect  .   k - scarf {Spirit}
rCorr    .         Harm     .   (no gloves)
MR       .....                  s - +2 pair of boots
Stlth    ..........             e - amulet of magic regeneration
Regen    0.3/turn               q - +4 ring of intelligence
MPRegen  0.3/turn               m - +5 ring of dexterity

@: drained
A: claws 2, thin metallic scales 1, blurry vision 1
a: Heroism, Finesse, Renounce Religion, Convert to Beogh


You were on level 2 of the Orcish Mines.
You worshipped Okawaru.
Okawaru was extremely pleased with you.
You were full.

You visited 3 branches of the dungeon, and saw 15 of its levels.

You collected 940 gold pieces.
You spent 414 gold pieces at shops.

Inventory:

Hand Weapons
 u - a +3 war axe (weapon)
 v - a +1 war axe of holy wrath
Armour
 c - a +0 shield (worn)
 d - a +1 plate armour of fire resistance (worn)
 f - a +1 hat (worn)
 k - a scarf of spirit shield (worn)
 s - a +2 pair of boots (worn)
Jewellery
 e - an amulet of magic regeneration (around neck)
 m - a +5 ring of dexterity (right claw)
 q - a +4 ring of intelligence (left claw)
 w - an uncursed ring of protection from cold
Wands
 a - a wand of flame (19/48)
 h - a wand of disintegration (14/24)
 n - a wand of flame (5/48)
 r - a wand of confusion (0/48)
 x - a wand of flame (25/48)
 y - a wand of flame (21/48)
Scrolls
 j - 8 scrolls of identify
 l - 3 scrolls of immolation
Potions
 b - a potion of flight
 i - 3 potions of curing
 o - 2 potions of brilliance
 t - a potion of mutation
Comestibles
 g - 7 meat rations
 p - 2 bread rations


   Skills:
 * Level 9.5(9.1) Fighting
 * Level 14.9(14.5) Axes
 * Level 9.2(8.8) Armour
 + Level 1.5(1.2) Dodging
 + Level 1.4(1.1) Stealth
 * Level 9.4(9.0) Shields
 * Level 5.8(5.4) Evocations


You had 11 spell levels left.
You didn't know any spells.

Dungeon Overview and Level Annotations

Branches:
Dungeon (12/15)            Temple (1/1) D:5             Orc (2/2) D:10
    Elf (0/3) Orc:2
   Lair: D:8-11

Altars:
Ashenzari
Cheibriados
Dithmenos
Elyvilon
Fedhas
Gozag
Hepliaklqana
Kikubaaqudgha
Makhleb
Nemelex Xobeh
Okawaru
Qazlal
Ru
Sif Muna
Trog
Uskayaw
Vehumet
Xom
Yredelemnul
Zin
The Shining One
Beogh

Shops:
D:7 [   D:9 *


Innate Abilities, Weirdness & Mutations

You have very sharp fingernails.
You are partially covered in thin metallic scales. (AC +2)
Scrolls take you a little longer to read.


Message History

You closely miss the chaos spawn.
Your plate armour prevents you from hitting the troll.
You closely miss the orc warrior. You hit the soul eater.
The orc priest shouts, "Beogh is our master!
Accept the truth or die!"
You hit the orange demon but do no damage.
You block the troll's attack. x3
The orange demon stings you but does no damage.
The orange demon hits you but does no damage.
The soul eater hits you!
* * * LOW HITPOINT WARNING * * *
You feel drained.
* * * LOW HITPOINT WARNING * * *
The chaos spawn gores you!
* * * LOW HITPOINT WARNING * * *
You feel your power leaking away.
The orc high priest calls down the wrath of Beogh upon you.
You resist with significant effort. You block the orc warrior's attack.
The orange demon barely misses you. You block the orange demon's attack.
The soul eater hits you!
You die...

####.[...#.....#.##
##.#...<..##.......#
#.....[...####....##
##...[.#######....#
###.[)#.###.#....##
#...o..##.......#
#.#oo4.#.......##
##.#To.....#..###
#.o3@4(...#####.##
##.........###...#
###........#...#
##......)).(.#.# #
#....)###...(..# .##
#.......##......#...#
#........###...[....#
##.....### ###[)....#
##.... ##)).##.##


You could see a soul eater, an orc high priest, an orange demon, a troll, a
chaos spawn, an orc warrior, 2 orc priests and an orc.

Vanquished Creatures
  An orc warlord (D:10)
  2 two-headed ogres
  An orc high priest (Orc:2)
  Pikel (D:7)
  An orc knight (Orc:2)
  An orc sorcerer (Orc:1)
  Grinder (D:3)
  3 trolls
  3 hippogriffs
  A hungry ghost (D:9)
  3 wyverns
  A steam dragon (D:7)
  2 wargs (Orc:2)
  Menkaure (D:6)
  A water moccasin (D:6)
  3 ice beasts
  15 orc warriors
  2 black bears
  A necrophage (D:8)
  2 sky beasts
  8 ogres
  6 centaurs
  2 big kobolds
  6 bullfrogs
  2 gnoll sergeants
  3 scorpions
  4 wights (D:7)
  2 howler monkeys
  6 crimson imps
  A bullfrog zombie (D:8)
  A centaur zombie (D:7)
  5 jellies
  9 orc priests
  7 hounds
  2 bullfrog skeletons (D:10)
  2 centaur skeletons
  Ijyb (D:3)
  Natasha (thrice) (D:2)
  Terence (D:2)
  7 iguanas
  11 orc wizards
  7 worker ants
  A hound skeleton (D:9)
  A howler monkey zombie (D:5)
  A worker ant zombie (D:5)
  9 gnolls
  2 howler monkey skeletons
  8 adders
  A shadow imp (D:8)
  2 adder skeletons
  An adder zombie (D:5)
  3 worms
  A dart slug (D:1)
  4 leopard geckos
  42 orcs
  A ball python (D:5)
  9 bats
  7 giant cockroaches
  5 goblins
  4 hobgoblins
  6 jackals
  14 kobolds
  5 quokkas
  5 frilled lizards
  A jackal skeleton (D:7)
  9 rats
284 creatures vanquished.

Vanquished Creatures (others)
  A centaur (D:7)
1 creature vanquished.

Grand Total: 285 creatures vanquished

Notes
Turn   | Place    | Note
-------+----------+-------------------------------------------
     0 | D:1      | homeworkjunkie the Hill Orc Fighter began the quest for the Orb.
     0 | D:1      | Reached XP level 1. HP: 19/19 MP: 1/1
   110 | D:1      | Reached XP level 2. HP: 27/27 MP: 2/2
   114 | D:1      | Reached skill level 3 in Axes
   485 | D:2      | Reached XP level 3. HP: 33/33 MP: 3/3
   642 | D:2      | Noticed Terence
   651 | D:2      | Killed Terence
   651 | D:2      | Reached skill level 4 in Axes
   651 | D:2      | Reached XP level 4. HP: 21/40 MP: 4/4
   809 | D:2      | Found a glowing golden altar of the Shining One.
   895 | D:2      | Noticed an angel
  1078 | D:2      | Found a blossoming altar of Fedhas.
  1428 | D:3      | Noticed Grinder
  1428 | D:3      | Noticed Ijyb
  1443 | D:3      | Killed Ijyb
  1443 | D:3      | Reached XP level 5. HP: 33/46 MP: 5/5
  1465 | D:3      | Paralysed by Grinder for 4 turns
  1474 | D:3      | Paralysed by Grinder for 3 turns
  1485 | D:3      | Killed Grinder
  1485 | D:3      | Reached skill level 5 in Axes
  1485 | D:3      | Reached skill level 1 in Evocations
  1485 | D:3      | Reached XP level 6. HP: 11/53 MP: 5/7
  1829 | D:3      | Gained mutation: You have sharp fingernails. [potion of mutation]
  1829 | D:3      | Gained mutation: Scrolls take you a little longer to read. [potion of mutation]
  1829 | D:3      | Gained mutation: You are partially covered in thin metallic scales. (AC +2) [potion of mutation]
  1829 | D:3      | Gained mutation: You have very sharp fingernails. [potion of mutation]
  1978 | D:3      | Found a bloodstained altar of Trog.
  2021 | D:3      | Found a sparkling altar of Nemelex Xobeh.
  2307 | D:2      | Noticed Natasha
  2314 | D:2      | Killed Natasha
  2388 | D:2      | Noticed Natasha
  2403 | D:2      | Killed Natasha
  2403 | D:2      | Reached skill level 6 in Axes
  2464 | D:2      | Noticed Natasha
  2477 | D:2      | Killed Natasha
  2477 | D:2      | Reached XP level 7. HP: 46/60 MP: 8/8
  2478 | D:2      | Found a basalt altar of Yredelemnul.
  2994 | D:5      | Entered Level 5 of the Dungeon
  3079 | D:5      | Found a staircase to the Ecumenical Temple.
  3212 | D:5      | Reached skill level 5 in Fighting
  3451 | D:4      | Reached skill level 7 in Axes
  3462 | D:4      | Reached skill level 5 in Shields
  3771 | D:4      | Reached skill level 1 in Dodging
  3771 | D:4      | Reached XP level 8. HP: 65/69 MP: 7/9
  4048 | D:6      | Found a white marble altar of Elyvilon.
  4066 | Temple   | Entered the Ecumenical Temple
  4113 | Temple   | Became a worshipper of Warmaster Okawaru
  4623 | D:4      | Found a sparkling altar of Nemelex Xobeh.
  4915 | D:5      | Reached skill level 8 in Axes
  4915 | D:5      | Reached skill level 5 in Armour
  5020 | D:6      | Noticed Menkaure
  5029 | D:6      | Killed Menkaure
  5168 | D:6      | Found a radiant altar of Vehumet.
  5223 | D:6      | Reached skill level 9 in Axes
  5384 | D:6      | Reached * piety under Okawaru
  5432 | D:6      | Found a shattered altar of Ashenzari.
  5610 | D:6      | Reached XP level 9. HP: 74/77 MP: 11/11
  5869 | D:7      | Reached skill level 10 in Axes
  6022 | D:7      | Found an opulent altar of Gozag.
  6088 | D:7      | Noticed Pikel
  6098 | D:7      | Killed Pikel
  6098 | D:7      | Reached ** piety under Okawaru
  6199 | D:7      | Found Xeifon's Antique Armour Shoppe.
  6210 | D:7      | Bought a pair of runed boots for 202 gold pieces
  6532 | D:7      | Reached skill level 11 in Axes
  6553 | D:7      | Reached *** piety under Okawaru
  7088 | D:8      | Noticed a two-headed ogre
  7108 | D:8      | Killed a two-headed ogre
  7108 | D:8      | Reached **** piety under Okawaru
  7108 | D:8      | Reached XP level 10. HP: 27/88 MP: 6/13
  7175 | D:8      | Found a shadowy altar of Dithmenos.
  7465 | D:8      | Found a glowing silver altar of Zin.
  7474 | D:8      | Reached skill level 1 in Stealth
  7606 | D:9      | Found Ettythe's General Store.
  7620 | D:9      | Bought a +1 war axe of holy wrath for 212 gold pieces
  7720 | D:8      | Reached skill level 12 in Axes
  8404 | D:9      | Noticed a two-headed ogre
  8410 | D:9      | Killed a two-headed ogre
  8606 | D:9      | Reached ***** piety under Okawaru
  9014 | D:9      | Reached skill level 13 in Axes
  9018 | D:9      | Reached skill level 5 in Evocations
  9238 | D:10     | Entered Level 10 of the Dungeon
  9589 | D:9      | Reached XP level 11. HP: 95/95 MP: 14/14
  9910 | D:10     | Found a staircase to the Orcish Mines.
  9914 | Orc:1    | Entered Level 1 of the Orcish Mines
  9914 | Orc:1    | Noticed an orc warlord
  9926 | D:10     | Received a gift from Okawaru
 11275 | D:10     | Killed an orc warlord
 11275 | D:10     | Reached skill level 14 in Axes
 11591 | Orc:2    | Entered Level 2 of the Orcish Mines
 11601 | Orc:2    | Noticed an orc sorcerer
 12053 | Orc:1    | Paralysed by an orc sorcerer for 5 turns
 12059 | Orc:1    | Killed an orc sorcerer
 12455 | Orc:2    | Found a staircase to the Elven Halls.
 12596 | Orc:2    | Found a roughly hewn altar of Beogh.
 12596 | Orc:2    | Noticed an orc high priest
 12981 | Orc:2    | Killed an orc high priest
 13225 | Orc:2    | Noticed an orc knight
 13284 | Orc:2    | Killed an orc knight
 13284 | Orc:2    | Reached XP level 12. HP: 16/105 MP: 4/16
 13559 | Orc:2    | Noticed an orc high priest
 13576 | Orc:2    | Noticed a soul eater
 13584 | Orc:2    | HP: 5/105 [chaos spawn[an orc high priest] (6)]
 13585 | Orc:2    | Slain by a soul eater

Skill      XL: |  1  2  3  4  5  6  7  8  9 10 11 |
---------------+----------------------------------+-----
Axes           | 3 4 5 6 7 9 11 13 14 | 14.9
Fighting       | 4 5 6 7 8 9 |  9.5
Shields        | 4 5 7 9 |  9.4
Armour         | 4 5 7 8 9 |  9.2
Evocations     | 1 2 3 4 5 |  5.8
Dodging        | 1 |  1.5
Stealth        | 1 |  1.4

Action                   |  1- 3 |  4- 6 |  7- 9 | 10-12 || total
-------------------------+-------+-------+-------+-------++-------
Melee: War axe           |    91 |   165 |   359 |   542 ||  1157
Evoke: Wand              |       |    14 |     4 |    23 ||    41
  Use: Scroll            |     3 |     4 |    10 |     3 ||    20
       Potion            |     1 |     7 |     3 |     6 ||    17
 Stab: Confused          |       |       |     3 |     7 ||    10
  Eat: Bread ration      |       |     1 |     2 |     4 ||     7
       Royal jelly       |       |     1 |     1 |     1 ||     3
       Meat ration       |       |     1 |       |       ||     1
       Fruit             |       |       |     2 |     3 ||     5
Armor: Scale mail        |    53 |    86 |    19 |       ||   158
       Chain mail        |       |       |   136 |    94 ||   230
       Plate armour      |       |       |       |   165 ||   165
Dodge: Dodged            |    26 |    48 |    77 |   133 ||   284
Block: Shield            |    47 |    76 |   163 |   320 ||   606
